 Dungeon Crawl Stone Soup version 0.23-a0-586-gacb4b3f (console) character file.

1390 Duffy the Thaumaturge (level 8, -1/41 HPs)
             Began as a Deep Elf Fire Elementalist on Dec 19, 2018.
             Was an Initiate of Vehumet.
             Shot with an arrow by a centaur (15 damage)
             ... on level 6 of the Dungeon.
             The game lasted 00:09:28 (5761 turns).

Duffy the Thaumaturge (Deep Elf Fire Elementalist)  Turns: 5761, Time: 00:09:29

Health: -1/41      AC:  2    Str:  5    XL:     8   Next: 40%
Magic:  1/31       EV: 13    Int: 23    God:    Vehumet [......]
Gold:   296        SH:  0    Dex: 15    Spells: 10/23 levels left

rFire    + + .     SeeInvis .   e - +0 blowgun
rCold    . . .     Gourm    .   (no shield)
rNeg     . . .     Faith    .   a - +0 robe
rPois    .         Spirit   .   (no helmet)
rElec    .         Reflect  .   m - scarf {rC+ rF+}
rCorr    .         Harm     .   (no gloves)
MR       .....                  (no boots)
Stlth    ++........             (no amulet)
HPRegen  0.13/turn              k - ring of fire
MPRegen  0.22/turn              g - ring of magical power

@: very slightly contaminated
A: no striking features
a: Renounce Religion


You were on level 6 of the Dungeon.
You worshipped Vehumet.
Vehumet was noncommittal.
You were not hungry.

You visited 2 branches of the dungeon, and saw 7 of its levels.
You also visited: Sewer.

You collected 296 gold pieces.

Inventory:

Hand Weapons
 e - a +0 blowgun (weapon)
 i - a +2 short sword of draining
 B - a +4 quarterstaff of chaos
Missiles
 u - 2 curare-tipped needles (quivered)
Armour
 a - a +0 robe (worn)
 m - a scarf of resistance (worn)
 A - a +0 cloak
Jewellery
 d - an uncursed ring of poison resistance
 g - a ring of magical power (right hand)
 k - a ring of fire (left hand)
 r - an uncursed ring of protection from magic {unknown}
Wands
 j - a wand of random effects (6)
Scrolls
 f - 7 scrolls of amnesia
 n - 2 scrolls of teleportation
 q - 4 scrolls of enchant weapon
 s - 2 scrolls of immolation
 y - a scroll of enchant armour
Potions
 b - a potion of cancellation {unknown}
 l - a potion of invisibility {unknown}
 p - 2 potions of lignification
 v - a potion of curing
 x - a potion of haste
Comestibles
 c - 11 rations
 h - 3 chunks of flesh


   Skills:
 - Level 2.4 Dodging
 - Level 2.4 Stealth
 + Level 8.1 Spellcasting
 + Level 7.0 Conjurations
 + Level 7.1 Fire Magic


You had 10 spell levels left.
You knew the following spells:

 Your Spells              Type           Power        Failure   Level  Hunger
h - Flame Tongue          Conj/Fire      #####        1%          1    None
j - Sticky Flame          Conj/Fire      ######..     3%          4    ###....
k - Fireball              Conj/Fire      ######....   11%         5    #####..
l - Conjure Flame         Conj/Fire      ######..     1%          3    None

Your spell library contained the following spells:

 Spells                   Type           Power        Failure   Level  Hunger
 Shock                    Conj/Air       ####         1%          1    None
 Throw Flame              Conj/Fire      ######       1%          2    None
 Inner Flame              Hex/Fire       #####...     4%          3    None
 Static Discharge         Conj/Air       ####....     4%          3    None
 Swiftness                Chrm/Air       #.......     11%         2    None
 Lightning Bolt           Conj/Air       ####......   41%         5    #####..
 Airstrike                Air            #.........   56%         4    ###....


Dungeon Overview and Level Annotations

Branches:
Dungeon (6/15)             Temple (1/1) D:5

Altars:
Ashenzari
Cheibriados
Dithmenos
Elyvilon
Fedhas
Gozag
Hepliaklqana
Kikubaaqudgha
Makhleb
Nemelex Xobeh
Okawaru
Qazlal
Sif Muna
Trog
Uskayaw
Vehumet
Wu Jian
Xom
Yredelemnul
Zin
The Shining One

Annotations:
D:3 2 transporters, Shiggs's ghost, amateur DgSk


Message History

Casting: Fireball (slightly dangerous; 11% risk of failure)
Confirm with . or Enter, or press ? or * to list all spells.
Aiming: Fireball (slightly dangerous; 11% risk of failure)
Press: ? - help, Shift-Dir - straight line, f - centaur
Aim: a centaur, wielding a +0 shortbow (almost dead)
You feel a surge of power!
The fireball explodes!
The fireball engulfs the centaur.
You kill the centaur!
Vehumet accepts your kill.
Your Spellcasting skill increases to level 8!
Your Conjurations skill increases to level 7!
You hear a shout!
The centaur shoots an arrow.
The arrow hits you!
The centaur shoots an arrow.
The arrow misses you.
You see here a scroll of teleportation.
The centaur shoots an arrow.
The arrow closely misses you.
The centaur shoots an arrow.
The arrow closely misses you.
Found 15 stones.
The centaur shoots an arrow.
The arrow hits you!
You die...

_......)......>#.).....#
..)....###.....#........#
#...#####........./.....#
#.######....(............
#.................!......
###..<...[....(.........#
..#............?...)....#
#........................
###..............@Z......
##.....................##
...................c.....
##..........#............
...#...######..........##
###.[[%#######........##
.....[[...............(
###....######..........#
#...<#


You could see a centaur and a quokka zombie.

Vanquished Creatures
  A hippogriff (D:6)
  A water moccasin (D:6)
  A phantom (D:4)
  A centaur (D:6)
  A crocodile (Sewer)
  3 wights (D:6)
  3 howler monkeys
  3 crimson imps (D:4)
  5 hounds
  Crazy Yiuf (D:5)
  An orc wizard (D:4)
  Natasha (thrice) (D:3)
  2 iguanas
  3 worker ants (D:6)
  3 adders
  A river rat (D:4)
  A shadow imp (D:5)
  An adder skeleton (D:4)
  2 leopard geckos
  7 orcs (D:4)
  A ball python (D:4)
  4 giant cockroaches
  9 goblins
  4 hobgoblins
  12 jackals
  4 quokkas
  7 bats
  5 frilled lizards
  A jackal skeleton (D:6)
  8 kobolds
  10 rats
  A spectral orc (D:4)
110 creatures vanquished.

Notes
Turn   | Place    | Note
-------+----------+-------------------------------------------
     0 | D:1      | Duffy the Deep Elf Fire Elementalist began the quest for
                  | the Orb.
     0 | D:1      | Reached XP level 1. HP: 10/10 MP: 6/6
     4 | D:1      | Noticed an electric eel
     4 | D:1      | Noticed an electric eel
   336 | D:1      | Reached XP level 2. HP: 15/15 MP: 2/8
   862 | D:2      | Found a shimmering altar of Xom.
  1013 | D:2      | Reached XP level 3. HP: 19/19 MP: 9/9
  1021 | D:2      | Learned a level 3 spell: Conjure Flame
  1040 | D:2      | Found a white marble altar of Elyvilon.
  1883 | D:3      | Found a shattered altar of Ashenzari.
  2347 | D:3      | Reached XP level 4. HP: 22/24 MP: 11/11
  2385 | D:3      | Noticed Natasha
  2392 | D:3      | Learned a level 4 spell: Sticky Flame
  2423 | D:3      | Killed Natasha
  2504 | D:3      | Noticed Natasha
  2508 | D:3      | Killed Natasha
  2508 | D:3      | Reached skill level 4 in Spellcasting
  2578 | D:3      | Noticed Natasha
  2584 | D:3      | Killed Natasha
  2584 | D:3      | Reached XP level 5. HP: 24/28 MP: 13/13
  2631 | D:3      | Found a transporter.
  2632 | D:3      | Noticed Shiggs's ghost (amateur DgSk)
  2633 | D:3      | Identified the +6 dire flail of Aduphees {vamp, +Inv rC+++
                  | rN+ MR+}
  2633 | D:3      | Noticed an ogre
  2634 | D:3      | Found a transporter.
  3007 | D:4      | Noticed a phantom
  3042 | D:4      | Killed a phantom
  3042 | D:4      | Reached skill level 5 in Spellcasting
  3042 | D:4      | Reached XP level 6. HP: 15/32 MP: 14/15
  3049 | D:4      | Learned a level 5 spell: Fireball
  3114 | D:4      | Reached skill level 5 in Fire Magic
  3176 | D:4      | Found a glowing drain.
  3180 | Sewer    | Entered a sewer
  3358 | Sewer    | Reached skill level 5 in Conjurations
  3687 | D:4      | Found a basalt altar of Yredelemnul.
  4001 | D:5      | Entered Level 5 of the Dungeon
  4006 | D:5      | Reached skill level 6 in Spellcasting
  4006 | D:5      | Reached XP level 7. HP: 36/36 MP: 18/18
  4647 | D:5      | Found a glowing golden altar of the Shining One.
  4707 | D:5      | Found a staircase to the Ecumenical Temple.
  4712 | Temple   | Entered the Ecumenical Temple
  4780 | Temple   | Became a worshipper of Vehumet
  4854 | D:5      | Found a runed door.
  4858 | D:5      | Noticed Crazy Yiuf
  4863 | D:5      | Killed Crazy Yiuf
  4977 | D:6      | Found a burning altar of Makhleb.
  4989 | D:6      | Found a hide-covered altar of Uskayaw.
  4992 | D:6      | Found an ornate altar of the Wu Jian Council.
  5417 | D:6      | Reached skill level 7 in Spellcasting
  5451 | D:6      | Reached XP level 8. HP: 20/41 MP: 13/20
  5613 | D:6      | Noticed a hippogriff
  5620 | D:6      | Killed a hippogriff
  5758 | D:6      | Reached skill level 8 in Spellcasting
  5761 | D:6      | Shot with an arrow by a centaur

Vault maps used:
D:1:      arrival_aquarium_b
D:2:      xom_butterflies, elyvilon_altar_3
D:3:      gammafunk_ghost_smash, first_ration, evilmike_ruin_ashenzari,
          uniq_natasha
D:4:      yredelemnul_forgotten_temple_becter, serial_corexii_hall,
          chequers_hall_statues_y, corexii_hall_statues_deadend,
          gup_sewer_entry_bowl
D:5:      minmay_temple_entry_statues_pillars, tso_altar,
          uniq_crazy_yiuf_cottage
D:6:      grunt_temple_overflow_open, nicolae_ru_path_of_blood, uniq_grinder
Temple:   nicolae_temple_x_marks_the_god
Sewer:    sewer_the_crocodile

Skill      XL: |  1  2  3  4  5  6  7  8 |
---------------+-------------------------+-----
Conjurations   | 2 3 4 5 6 7 |  7.0
Spellcasting   | 4 5 6 7 8 |  8.1
Fire Magic     | 4 5 6 7 |  7.1
Dodging        | |  2.4
Stealth        | |  2.4

Action                   |  1- 3 |  4- 6 |  7- 9 || total
-------------------------+-------+-------+-------++-------
 Cast: Flame Tongue      |    86 |    84 |    68 ||   238
       Sticky Flame      |       |     6 |     7 ||    13
       Conjure Flame     |       |     2 |     1 ||     3
       Fireball          |       |       |     5 ||     5
Evoke: Wand              |       |       |    28 ||    28
  Use: Scroll            |     1 |     3 |     6 ||    10
       Potion            |       |       |     1 ||     1
  Eat: Chunk             |     4 |     6 |     4 ||    14
       Ration            |       |       |     1 ||     1
Armor: Robe              |     3 |     3 |     4 ||    10
Dodge: Dodged            |    30 |    29 |    42 ||   101

Table legend:
 A = Non-vault XP
 B = Vault XP
 C = Vault XP percentage of total XP
 D = Non-vault monster count
 E = Vault monster count
 F = Vault count percentage of total count
                 A         B        C        D         E       F
            +---------+---------+-------+---------+---------+-------
      Total |    1786 |     200 |  10.1 |      98 |      12 |  10.9
            +---------+---------+-------+---------+---------+-------
        D:1 |      23 |       0 |   0.0 |      16 |       0 |   0.0
        D:2 |      52 |       0 |   0.0 |      24 |       0 |   0.0
        D:3 |     102 |      36 |  26.1 |      14 |       1 |   6.7
        D:4 |     526 |      17 |   3.1 |      23 |       4 |  14.8
        D:5 |     238 |      40 |  14.4 |       8 |       1 |  11.1
        D:6 |     845 |       0 |   0.0 |      13 |       0 |   0.0
      Sewer |       0 |     107 | 100.0 |       0 |       6 | 100.0
            +---------+---------+-------+---------+---------+-------
